 Dungeon Crawl Stone Soup version 0.28.0-1-gb440e238dd (webtiles) character file.

Game seed: 15113326731966611005

154 Kaptain the Digger (level 5, -1/37 HPs)
             Began as a Formicid Earth Elementalist on Feb 21, 2022.
             Slain by a gnoll (7 damage)
             ... on level 4 of the Dungeon.
             The game lasted 00:05:04 (2468 turns).

Kaptain the Digger (Formicid Earth Elementalist)    Turns: 2468, Time: 00:05:05

Health: -1/37      AC:  4    Str: 13    XL:     5   Next: 63%
Magic:  0/9        EV: 11    Int: 16    God:
Gold:   52         SH:  0    Dex: 11    Spells: 6/10 levels left

rFire   . . .      SeeInvis +   i - staff of poison
rCold   . . .      Faith    .   (no shield)
rNeg    . . .      Spirit   .   h - +0 leather armour
rPois   +          Reflect  .   (helmet unavailable)
rElec   .          Harm     .   (no cloak)
rCorr   .          Rampage  .   o - +0 pair of gloves
Will    .....                   (no boots)
Stlth   ++........              r - amulet of the acrobat
HPRegen 0.12/turn               (no ring)
MPRegen 0.11/turn               (no ring)

@: no status effects
A: permanent stasis, dig shafts and tunnels, antennae 3, four strong arms
a: Dig, Shaft Self


You were on level 4 of the Dungeon.
You visited 1 branch of the dungeon, and saw 4 of its levels.

You collected 89 gold pieces.
You spent 37 gold pieces at shops.

Inventory:

Hand Weapons
 a - a +0 short sword
 d - a +0 halberd
Missiles
 c - 97 stones
Armour
 h - a +0 leather armour (worn)
 o - a +0 pair of gloves (worn)
Magical Staves
 i - a staff of poison (weapon)
Jewellery
 r - an amulet of the acrobat (around neck)
Scrolls
 e - a scroll of enchant weapon {unknown}
 k - a scroll of fear {unknown}
 l - 4 scrolls of fog {unknown}
 m - 2 scrolls of teleportation {unknown}
 n - a scroll of immolation {unknown}
Potions
 f - a potion of flight {unknown}
 g - 2 potions of curing
 j - a potion of ambrosia
 p - a potion of berserk rage {unknown}
 q - a potion of heal wounds {unknown}


   Skills:
 + Level 1.3 Fighting
 + Level 1.3 Armour
 + Level 2.3 Dodging
 + Level 3.3 Stealth
 * Level 3.1 Spellcasting
 * Level 1.2 Conjurations
 - Level 1.1 Transmutations
 * Level 4.6 Earth Magic


You had 6 spell levels left.
You knew the following spells:

 Your Spells              Type           Power      Damage    Failure   Level
a - Sandblast             Erth           34%        2d9       3%          1
b - Stone Arrow           Conj/Erth      22%        3d8       22%         3

Your spell library contained the following spells:

 Spells                   Type           Power      Damage    Failure   Level
 Passwall                 Tmut/Erth      9%         N/A       11%         2
 Conjure Flame            Conj/Fire      4%         6-21      50%         3
 Ignite Poison            Fire/Tmut/Pois 5%         N/A       52%         3
 Petrify                  Tmut/Erth      11%        N/A       58%         4
 Sticky Flame             Conj/Fire      4%         2d3       88%         4


Dungeon Overview and Level Annotations

Branches:
Dungeon (4/15)
 Temple: D:4-7

Altars:

Shops:
D:3 *


Innate Abilities, Weirdness & Mutations

You cannot be hasted, slowed, berserked, paralysed or teleported.
You can dig through walls and to a lower floor.
You have a pair of large antennae on your head. (SInv)
Your four strong arms can wield two-handed weapons with a shield.


Message History

Press: ? - help, Shift-Dir - straight line, f - adder
Aim: an adder (66% to hit)
The blast of sand hits the adder!
The adder is severely wounded.
Casting: Sandblast (safe; 3% risk of failure)
Confirm with . or Enter, or press ? or * to list all spells.
Aiming: Sandblast (safe; 3% risk of failure)
Press: ? - help, Shift-Dir - straight line, f/p - adder
Aim: an adder (severely wounded, 66% to hit)
The blast of sand hits the adder!
You kill the adder!
Casting: Sandblast (safe; 3% risk of failure)
Confirm with . or Enter, or press ? or * to list all spells.
Aiming: Sandblast (safe; 3% risk of failure)
Press: ? - help, Shift-Dir - straight line, f - gnoll
Aim: a gnoll, wielding a +0 mace (82% to hit)
The blast of sand hits the gnoll but does no damage.
Casting: Sandblast (safe; 3% risk of failure)
Confirm with . or Enter, or press ? or * to list all spells.
Aiming: Sandblast (safe; 3% risk of failure)
Press: ? - help, Shift-Dir - straight line, f/p - gnoll
Aim: a gnoll, wielding a +0 mace (82% to hit)
The blast of sand hits the gnoll.
The gnoll is moderately wounded.
The gnoll hits you with a +0 mace!
You struggle against the net.
The gnoll hits you with a +0 mace!
Casting: Sandblast (safe; 3% risk of failure)
Confirm with . or Enter, or press ? or * to list all spells.
Aiming: Sandblast (safe; 3% risk of failure)
Press: ? - help, Shift-Dir - straight line, f/p - gnoll
Aim: a gnoll, wielding a +0 mace (moderately wounded, 82% to hit)
The blast of sand hits the gnoll!
The gnoll is almost dead.
The gnoll hits you but does no damage.
Unknown command.
You struggle against the net.
The gnoll barely misses you.
You struggle against the net.
The gnoll hits you with a +0 mace!
* * * LOW HITPOINT WARNING * * *
You rip the net and break free!
The gnoll hits you with a +0 mace!
You die...

###
######.################
.......................
###.....##############
###@### #g# #S# .g# {
#.# ... #.. #.#


You could see 2 gnolls and a ball python.

Vanquished Creatures
  A water moccasin skeleton (D:4)
  2 gnolls (D:4)
  3 adders
  An adder skeleton (D:4)
  A dart slug (D:4)
  5 worms
  An orc (D:3)
  6 ball pythons
  2 bats
  3 endoplasms
  A giant cockroach (D:3)
  A goblin (D:4)
  5 hobgoblins
  A jackal (D:3)
  A quokka (D:2)
  3 frilled lizards
  4 kobolds
  A rat (D:1)
42 creatures vanquished.

Notes
Turn   | Place    | Note
-------+----------+-------------------------------------------
     0 | D:1      | Kaptain the Formicid Earth Elementalist began the quest for
                  | the Orb.
     0 | D:1      | Reached XP level 1. HP: 13/13 MP: 3/3
   200 | D:1      | You fall into a shaft and drop 1 floor!
   283 | D:2      | Reached XP level 2. HP: 20/20 MP: 3/5
   367 | D:2      | Reached XP level 3. HP: 25/25 MP: 6/6
   379 | D:2      | Reached skill level 4 in Earth Magic
  1129 | D:3      | Learned a level 3 spell: Stone Arrow
  1333 | D:3      | Reached skill level 1 in Fighting
  1403 | D:3      | Found Keadd's General Store.
  1405 | D:3      | Reached XP level 4. HP: 32/32 MP: 6/8
  1414 | D:3      | Bought 14 stones for 15 gold pieces
  1414 | D:3      | Bought a scroll of identify for 22 gold pieces
  2052 | D:4      | Reached skill level 1 in Armour
  2416 | D:4      | Reached skill level 1 in Conjurations
  2416 | D:4      | Reached XP level 5. HP: 37/37 MP: 5/9
  2468 | D:4      | Slain by a gnoll

Illustrated notes

Levels and vault maps discovered:
D:1:      heliophobic_arrival_glass_houses, layout_basic
D:2:      layout_loops_cross, hangedman_decor_lopped
D:3:      layout_loops_corners, serial_shops, nicolae_lakefront_shop,
          st_stairs_14, minmay_misc_feat_roman, kennysheep_generic_room_9
D:4:      layout_basic

Skill      XL: |  1  2  3  4 |
---------------+-------------+-----
Dodging        | 2 |  2.3
Earth Magic    | 4 |  4.6
Fighting       | 1 |  1.3
Stealth        | 3 |  3.3
Armour         | 1 |  1.3
Spellcasting   | 3 |  3.1
Conjurations   | 1 |  1.2
Transmutations | |  1.1

Action                   |  1- 3 |  4- 6 || total
-------------------------+-------+-------++-------
Melee: Halberd           |     5 |       ||     5
       Staff             |       |     1 ||     1
 Cast: Sandblast         |    36 |    35 ||    71
  Use: Scroll            |       |     2 ||     2
 Stab: Sleeping          |     1 |       ||     1
Armor: Robe              |     2 |       ||     2
       Leather armour    |     3 |     3 ||     6
Dodge: Dodged            |    10 |     3 ||    13
